Map: Disco Bloodbath LE

Players

OrangCaramel

  • Race: Protoss Protoss
  • League: Master
  • Spawn Location: 3:00

Zero - Winner!

  • Race: Terran Terran
  • League: Grandmaster
  • Spawn Location: 9:00

VOD

Have the link to the VOD?

Description

Time

  • Played on: Sept. 21, 2019, 11:25 a.m.
  • Length: 16:13
Show
View Real Time Build Order
Export as new Build Order

OrangCaramel Protoss 

Build Orders: Phoenix Opening 

Get SALT Encoding   

  12  0:00  Probe  
  13  0:12  Probe  
  14  0:18  Pylon  
  14  0:24  Probe  
  15  0:37  Probe (Chrono Boost)  
  15  0:38  Gateway  
  16  0:43  Assimilator  
  16  0:49  Probe (Chrono Boost)  
  17  0:55  Probe (Chrono Boost)  
  18  1:03  Probe  
  19  1:15  Probe  
  20  1:27  Probe  
  20  1:29  Cybernetics Core  
  21  1:38  Pylon  
  21  1:39  Probe  
  22  1:42  Assimilator  
  22  1:49  Gateway  
  22  1:52  Probe  
  23  2:04  Probe  
  23  2:06  Stalker (Chrono Boost)  
  24  2:09  Warp Gate  
  26  2:19  Probe  
  27  2:28  Pylon, Stalker  
  29  2:35  Probe  
  30  2:43  Stalker  
  31  2:47  Nexus  
  31  2:59  Sentry  
  31  3:01  Probe  
  33  3:14  Probe  
  33  3:19  Robotics Facility  
  34  3:26  Probe  
  35  3:30  Pylon  
  35  3:38  Probe, Twilight Council  
  35  3:40  Phoenix  
  36  3:51  Probe (Chrono Boost)  
  37  4:00  Probe (Chrono Boost)  
  39  4:03  Probe (Chrono Boost)  
  39  4:09  Observer  
  41  4:10  Probe (Chrono Boost)  
  41  4:11  Probe (Chrono Boost)  
  41  4:12  Assimilator  
  41  4:15  Probe (Chrono Boost), Assimilator  
  43  4:17  Pylon, Probe  
  43  4:19  Stalker x2  
  48  4:27  Probe  
  48  4:29  Probe  
  50  4:35  Observer  
  51  4:38  Blink (Chrono Boost)  
  51  4:44  Probe (Chrono Boost)  
  52  4:46  Pylon  
  52  4:47  Probe (Chrono Boost)  
  53  4:56  Probe (Chrono Boost)  
  53  4:59  Probe (Chrono Boost), Stalker x2  
  58  5:03  Probe (Chrono Boost)  
  59  5:08  Probe  
  59  5:12  Probe, Phoenix  
  61  5:21  Gateway, Probe  
  62  5:23  Gateway  
  62  5:27  Probe  
  63  5:32  Forge  
  63  5:33  Probe  
  64  5:39  Probe  
  64  5:40  Templar Archives  
  63  5:45  Probe  
  64  5:51  Probe  
  64  5:52  Stalker x2  
  64  5:55  Nexus  
  69  5:57  Probe  
  69  5:59  Pylon  
  70  6:05  Probe  
  70  6:06  Psionic Storm  
  70  6:10  Gateway  
  71  6:11  Gateway  
  71  6:13  Probe  
  71  6:17  Probe  
  73  6:23  High Templar x2  
  77  6:27  Pylon  
  77  6:29  Charge (Chrono Boost)  
  77  6:38  Probe  
  78  6:41  Pylon  
  78  6:44  Pylon  
  78  6:46  Probe  
  79  6:52  Pylon  
  79  6:53  Protoss Ground Armor Level 1 (Chrono Boost)  
  79  6:57  High Templar x2  
  79  6:58  Zealot  
  79  6:59  Zealot  
  87  7:04  Gateway  
  87  7:10  Probe x3  
  87  7:12  Gateway  
  90  7:19  High Templar  
  90  7:21  Zealot x3  
  98  7:32  High Templar  
  98  7:33  Zealot  
  94  7:48  Zealot x3  
  92  8:02  Zealot, Stalker x2  
  92  8:16  Probe x3  
  92  8:18  Assimilator  
  92  8:19  Assimilator  
  88  8:28  Probe x3  
  91  8:34  Nexus  
  91  8:39  High Templar x2  
  93  8:43  Zealot, Probe x2  
  93  8:44  Zealot x4  
  105  8:49  Probe  
  105  8:53  Gateway, Robotics Bay  
  105  8:55  Probe x2  
  108  8:56  Pylon  
  108  8:58  Pylon  
  108  9:01  Pylon  
  107  9:09  Probe x3  
  100  9:22  Probe x3  
  85  9:27  Gateway  
  85  9:28  Stalker  
  85  9:29  Stalker x4  
  85  9:30  Zealot  
  85  9:31  Zealot  
  97  9:46  Photon Cannon  
  97  9:55  High Templar x2  
  97  9:56  Zealot x4  
  97  9:57  Zealot x3  
  113  10:03  Probe x4  
  109  10:15  Probe  
  108  10:24  High Templar x2  
  108  10:25  High Templar, Zealot x2  
  108  10:26  Zealot  
  108  10:27  Warp Prism, Zealot x2  
  126  10:29  Archon  
  126  10:34  Probe  
  126  10:35  High Templar, Probe x2  
  129  10:37  Zealot  
  134  10:46  Probe  
  134  10:47  Archon  
  130  10:54  Archon  
  130  11:01  Robotics Facility  
  130  11:04  Nexus  
  130  11:06  Pylon  
  130  11:08  Pylon  
  124  11:25  Archon  
  124  11:27  Zealot  
  124  11:28  Zealot x5  
  124  11:29  Zealot x4  
  104  11:44  Probe x3  
  107  11:47  Pylon  
  107  11:49  Pylon  
  107  11:50  Colossus, Pylon, Extended Thermal Lance (Chrono Boost), Protoss Ground Weapons Level 1 (Chrono Boost)  
  107  11:52  Colossus, Assimilator  
  119  11:56  Probe x2  
  119  11:57  Assimilator  
  119  11:59  Forge  
  121  12:04  High Templar x3  
  121  12:06  Assimilator  
  121  12:08  Zealot x3, High Templar  
  129  12:09  Zealot  
  129  12:10  Zealot  
  139  12:21  Probe  
  139  12:26  Probe  
  139  12:30  Photon Cannon  
  139  12:33  Photon Cannon  
  139  12:35  Protoss Ground Armor Level 2 (Chrono Boost)  
  139  12:37  Photon Cannon  
  139  12:44  Colossus  
  139  12:46  Colossus  
  151  12:56  High Templar x2  
  153  13:06  Probe  
  144  13:24  Probe x2  
  144  13:25  Probe  
  147  13:28  Archon  
  147  13:37  Warp Prism  
  147  13:39  Colossus, High Templar x3  
  161  13:41  Zealot  
  161  13:42  Zealot x4  
  171  13:56  Pylon  
  171  13:58  Pylon  
  171  14:00  Nexus  
  171  14:14  Colossus  
  171  14:33  Colossus  
  165  14:46  Probe x2  
  165  14:51  Probe  
  168  14:53  Pylon  
  168  14:56  Pylon  
  168  14:58  Probe x2, Assimilator  
  168  15:03  Assimilator, Stalker x2  
  168  15:04  Stalker x5  
  168  15:05  Zealot, Stalker x2  
  188  15:11  Colossus  
  118  15:54  High Templar x4  
  119  16:04  Zealot x3, Stalker x2  
  121  16:05  Zealot  
  121  16:06  Archon  
Show
View Real Time Build Order
Export as new Build Order

Zero Terran - Winner!

Build Orders: Cyclone Opening 

Get SALT Encoding   

  12  0:00  SCV  
  13  0:12  SCV  
  14  0:17  Supply Depot  
  14  0:24  SCV  
  15  0:38  SCV  
  15  0:39  Barracks  
  16  0:45  Refinery  
  16  0:50  SCV  
  16  0:55  Refinery  
  17  1:02  SCV  
  18  1:15  SCV  
  19  1:26  Reaper  
  19  1:27  Orbital Command  
  20  1:34  Supply Depot  
  20  1:43  Factory  
  20  1:52  SCV  
  21  2:04  SCV  
  22  2:16  SCV  
  22  2:18  Barracks Reactor  
  23  2:25  Command Center  
  23  2:32  Factory Tech Lab, SCV  
  24  2:42  Starport  
  24  2:44  SCV  
  25  2:51  Cyclone  
  25  2:56  SCV  
  25  2:57  Marine  
  25  2:58  Marine  
  30  3:04  Supply Depot  
  30  3:08  SCV  
  31  3:25  Marine x2  
  31  3:26  Medivac  
  35  3:30  SCV  
  36  3:37  Orbital Command  
  36  3:41  Cyclone  
  36  3:42  SCV  
  36  3:43  Marine x2  
  42  3:58  Orbital Command  
  42  4:00  SCV  
  42  4:01  Marine x2  
  44  4:07  Starport Tech Lab, Barracks  
  44  4:12  SCV  
  44  4:16  Barracks  
  45  4:21  Factory Reactor  
  45  4:22  Marine x2  
  47  4:24  SCV  
  47  4:29  SCV  
  49  4:35  Supply Depot  
  49  4:36  Starport Reactor  
  49  4:38  SCV  
  50  4:41  Marine, SCV  
  50  4:42  Bunker  
  50  4:44  Engineering Bay  
  52  4:48  Marine  
  52  4:50  SCV  
  54  4:57  SCV  
  55  5:04  Marine  
  55  5:06  Marine, SCV  
  58  5:08  Stimpack  
  58  5:09  Marine  
  58  5:10  Combat Shield  
  59  5:14  Marine  
  59  5:18  Supply Depot  
  61  5:22  Marine, Terran Infantry Weapons Level 1  
  61  5:30  Command Center  
  61  5:33  Marine  
  62  5:40  Marauder, SCV, Marine  
  66  5:43  Marine  
  66  5:44  SCV  
  66  5:45  Medivac  
  70  5:50  Refinery  
  70  5:51  Supply Depot, Refinery  
  70  6:01  Supply Depot  
  70  6:12  Medivac, SCV x2, Marine x3  
  77  6:22  Medivac  
  77  6:23  Widow Mine x2, Marauder  
  77  6:24  SCV  
  86  6:31  Barracks  
  86  6:32  Supply Depot, Barracks  
  86  6:38  Concussive Shells  
  86  6:41  Marine  
  86  6:42  Orbital Command, SCV x2  
  86  6:44  Marine  
  86  6:46  Marauder  
  94  6:47  Widow Mine  
  94  6:53  Marine  
  95  6:57  SCV  
  95  7:00  SCV  
  95  7:01  Orbital Command, Marine  
  98  7:06  Marine  
  98  7:08  Marauder  
  101  7:09  SCV  
  101  7:10  Widow Mine  
  101  7:11  Marauder  
  101  7:12  SCV  
  107  7:16  Terran Infantry Armor Level 1  
  107  7:18  Marine  
  107  7:21  SCV  
  109  7:23  Barracks Tech Lab, Barracks Reactor  
  109  7:30  Supply Depot  
  109  7:32  Supply Depot  
  109  7:51  SCV x3, Marine x3  
  109  7:52  Widow Mine  
  109  7:53  Marine  
  109  7:54  Marauder  
  109  7:57  Widow Mine  
  121  8:03  Ghost Academy, Marine  
  121  8:04  SCV x3  
  125  8:12  Marauder  
  125  8:13  Marine  
  125  8:20  Marine  
  125  8:21  Marauder  
  125  8:22  SCV  
  125  8:29  Marine  
  125  8:31  Supply Depot  
  125  8:38  SCV, Marine  
  125  8:47  Enhanced Shockwaves, Marine, SCV  
  125  8:48  Marauder x3, Supply Depot x2  
  133  8:50  Supply Depot  
  133  8:52  Marine  
  133  8:53  SCV x2, Marine  
  137  8:56  Medivac x2  
  140  9:05  Command Center  
  140  9:08  Ghost x2  
  140  9:09  Marauder  
  140  9:14  Marine  
  140  9:16  Marine x2  
  129  9:21  SCV, Marine  
  129  9:23  SCV x2  
  121  9:26  Liberator x2  
  121  9:30  Marauder  
  123  9:31  Marine  
  123  9:33  Engineering Bay  
  123  9:34  Marine x2  
  123  9:35  Armory  
  123  9:37  Marauder, Ghost  
  123  9:38  Marine, SCV  
  131  9:39  Refinery  
  138  9:49  Marine  
  138  9:52  Marauder, Marine x2  
  137  9:56  Marine  
  137  9:59  Marauder, SCV x2  
  140  10:00  Barracks  
  140  10:01  Refinery, Barracks x2  
  140  10:06  Marauder  
  142  10:07  Marine  
  142  10:08  Widow Mine  
  142  10:10  Marine  
  142  10:13  Marauder  
  145  10:20  Marauder  
  142  10:21  Marine  
  142  10:22  Marine  
  142  10:24  Widow Mine, Liberator x2  
  142  10:25  Marine  
  142  10:27  Terran Infantry Armor Level 2, Marauder, Terran Infantry Weapons Level 2  
  147  10:31  Missile Turret  
  147  10:32  Missile Turret  
  147  10:34  Marauder, Marine  
  150  10:39  Marine x2  
  150  10:42  Marauder  
  159  10:43  Marine  
  159  10:48  Marine  
  164  10:51  Barracks Tech Lab x2  
  164  10:53  SCV x3  
  164  10:56  Barracks Tech Lab, Marauder  
  166  10:59  Planetary Fortress  
  166  11:00  Marine x2  
  166  11:03  Marauder  
  170  11:20  Marine x3  
  170  11:21  Marauder  
  158  11:37  Marine  
  158  11:38  Marauder x2, Marine x3  
  158  11:39  Medivac x2  
  125  11:45  Marauder, Marine x2  
  114  11:47  Starport  
  114  11:49  SCV x2  
  114  11:52  Widow Mine x2, Starport  
  120  11:55  Marine  
  120  11:56  Marauder, Marine  
  120  12:00  Marine x2  
  120  12:01  Marauder x2, Refinery  
  130  12:02  Refinery  
  130  12:03  Marine  
  130  12:06  Ghost  
  133  12:09  Medivac x2, SCV x4  
  133  12:15  Ghost, Marine  
  141  12:16  Marine  
  141  12:18  Marauder  
  141  12:21  SCV  
  141  12:22  Fusion Core  
  147  12:30  Starport Tech Lab  
  147  12:32  Command Center  
  147  12:33  Liberator x3  
  147  12:35  Marine  
  147  12:36  Marauder x3, Marine x2  
  156  12:41  Missile Turret  
  156  12:42  Marine x2  
  156  12:43  Supply Depot, Marauder  
  169  12:53  Marine x2  
  171  12:59  Liberator  
  171  13:02  Marine x4  
  171  13:03  Marauder x2  
  171  13:05  Liberator  
  177  13:15  Advanced Ballistics  
  177  13:16  Terran Infantry Weapons Level 3, Liberator  
  172  13:20  Liberator, Marine  
  172  13:21  Marauder, Marine  
  182  13:37  Liberator  
  185  13:44  Marauder x2, Marine x2  
  191  13:48  Planetary Fortress  
  191  13:50  Marauder, Marine x2  
  197  13:58  Refinery  
  197  14:01  Refinery, Missile Turret  
  197  14:04  Command Center  
  197  14:16  Ghost, Marine  
  197  14:35  Marauder, Marine x2  
  198  14:47  Marine  
  198  14:48  Marine  
  200  14:59  Marine  
  200  15:00  Marauder  
  186  15:42  Ghost, Marine x2  
  163  15:43  Marauder x2  
  163  15:48  Marine x2  
  163  15:49  Marauder x2  
Tags
 
Add a new tag
Caveats
  • Supply blocks, unpowered buildings, or Contaminate may cause inaccurate times.
  • Supply counts are checked every 10 seconds.